 Dungeon Crawl Stone Soup version 0.31-a0-636-ge1c0e020e0 (webtiles) character file.

Game seed: 13193065246522846545

966 thirtiethelement the Chopper (level 7, 0/55 HPs)
             Began as a Demonspawn Fighter on Aug 27, 2023.
             Slain by a gnoll
             ... wielding a +1 whip of electrocution
             ... led by a gnoll bouda
              (11 damage)
             ... on level 5 of the Dungeon.
             The game lasted 00:05:16 (3595 turns).

thirtiethelement the Chopper (Demonspawn Fighter)   Turns: 3595, Time: 00:05:18

Health: 0/55       AC: 12    Str: 19    XL:     7   Next: 93%
Magic:  7/7        EV:  9    Int:  9    God:
Gold:   204        SH:  6    Dex: 12    Spells: 6/6 levels left

rFire   . . .        a - +1 war axe
rCold   . . .        c - +1 buckler
rNeg    . . .        b - +0 scale mail
rPois   .            s - +0 helmet
rElec   .            (no cloak)
rCorr   .            (gloves unavailable)
SInv    .            (no boots)
Will    .....        (no amulet) Stlth
                     y - +4 ring of protection
HPRegen 0.29/turn    (no ring)
MPRegen 0.10/turn

%: no passive effects
@: no status effects
A: claws 3, demonic guardian 2
a: no special abilities


You were on level 5 of the Dungeon.
You visited 1 branch of the dungeon, and saw 5 of its levels.

You collected 204 gold pieces.

Inventory:

Hand Weapons
 a - a +1 war axe (weapon)
Armour
 b - a +0 scale mail (worn)
 c - a +1 buckler (worn)
 s - a +0 helmet (worn)
Jewellery
 y - a +4 ring of protection (left claw)
Scrolls
 f - a scroll of amnesia
 g - a scroll of poison
 m - a scroll of enchant weapon
 A - a scroll of fear
Potions
 d - 2 potions of might
 e - a potion of cancellation {unknown}
 h - a potion of resistance
 i - 3 potions of magic {unknown}
 j - a potion of lignification {unknown}
 k - 2 potions of enlightenment {unknown}
 n - a potion of berserk rage {unknown}
 p - a potion of brilliance {unknown}
 r - 2 potions of curing {unknown}
 v - a potion of heal wounds {unknown}
 x - a potion of haste {unknown}
 z - a potion of mutation {unknown}
Miscellaneous
 w - a box of beasts


   Skills:
 + Level 4.7 Fighting
 + Level 5.7 Axes
 + Level 4.7 Armour
 + Level 1.5 Dodging
 + Level 0.5 Stealth
 + Level 3.8 Shields


You had 6 spell levels left.
You didn't know any spells.
Your spell library contained the following spells:

 Spells                   Type           Power      Damage    Failure   Level
 Ensorcelled Hibernation  Hex/Ice        0%         N/A       91%         2
 Passwall                 Tmut/Erth      0%         N/A       91%         2
 Swiftness                Air            0%         N/A       99%         3


Dungeon Overview and Level Annotations

Branches:
Dungeon (5/15)
 Temple: D:4-7

Altars:
Dithmenos
Gozag
Ru
Trog
Yredelemnul


Innate Abilities, Weirdness & Mutations

You have claws for hands.
A demonic guardian rushes to your aid.


Message History

No target in view!
No target in view!
No target in view!
No target in view!
No target in view!
No target in view!
No target in view!
Found a stone staircase leading down.
There is an open door here.
e - a clear potion You open the door.
There is an open door here.
f - a scroll of amnesia You open the door.
There is an open door here. 2 gnolls come into view.
A gnoll is wielding a +1 whip of electrocution.
The gnoll shouts! x2; You hear a shout! x2
A gnoll bouda comes into view.
It is wielding a +0 whip. 2 gnolls come into view.
The gnoll shouts! x2
The gnoll closely misses you.
The gnoll bouda barks out a call to the hunt!
The gnolls pick up the pace!
You closely miss the gnoll. You hit the gnoll.
The gnoll hits you but does no damage.
You barely miss the gnoll.
The gnoll is heavily wounded.
You closely miss the gnoll. The gnoll hits you with a +0 spear.
The gnoll hits you but does no damage.
The gnoll hits you with a +1 whip of electrocution!
You are electrocuted!!
The gnoll closely misses you.
The gnoll hits you from afar with a +0 spear.
The gnoll attacks as it pursues you!
The gnoll hits you with a +1 whip of electrocution.
You are electrocuted!
* * * LOW HITPOINT WARNING * * *
The gnoll barely misses you. The gnoll hits you but does no damage.
You are electrocuted!
You die...

+.........'....................#
#.........#....................#
#........#....................#
.##........#....................#
..........#....................#
#..##...###..###...####...##..#
#..##...###..###...# #...# #+#
##........+.........# .....#
#.........#....@....+ ....#
+........##...##gg.!#
##..##...##...##g...# #..
#'####...##..### #.
#........##gg# # #...#######..#
#...# #..# #.... ...# #..... ...#


You could see a gnoll bouda and 4 gnolls.

Vanquished Creatures
  A centaur (D:3)
  Dowan (D:4)
  A jelly (D:4)
  2 hounds (D:5)
  An orc priest (D:4)
  An orc wizard (D:5)
  3 gnolls (D:5)
  9 adders
  An ufetubus (D:4)
  A worm (D:3)
  3 dart slugs
  5 orcs
  9 bats
  11 endoplasms
  4 giant cockroaches
  3 goblins
  8 hobgoblins
  5 kobolds
  2 quokkas
  8 ball pythons
  4 frilled lizards
  2 rats
85 creatures vanquished.

Vanquished Creatures (collateral kills)
  Grinder (D:3)
  Menkaure (D:4)
  Duvessa (D:4)
  An orc priest (D:4)
  A gnoll (D:5)
  2 adders
  A worm (D:3)
  3 orcs
  A ball python (D:3)
  A goblin (D:4)
13 creatures vanquished.

Grand Total: 98 creatures vanquished

Notes
Turn   | Place    | Note
-------+----------+-------------------------------------------
     0 | D:1      | thirtiethelement the Demonspawn Fighter began the quest for
                  | the Orb.
     0 | D:1      | Reached XP level 1. HP: 18/18 MP: 1/1
   101 | D:1      | Discovered your monstrous ancestry.
   101 | D:1      | Gained mutation: You have sharp fingernails. [demonic
                  | ancestry]
   101 | D:1      | Reached XP level 2. HP: 19/24 MP: 2/2
   299 | D:1      | Reached skill level 2 in Axes
   724 | D:2      | Gained mutation: A weak demonic guardian rushes to your
                  | aid. [demonic ancestry]
   724 | D:2      | Reached XP level 3. HP: 29/29 MP: 3/3
  1514 | D:3      | Gained mutation: A demonic guardian rushes to your aid.
                  | [demonic ancestry]
  1514 | D:3      | Reached XP level 4. HP: 29/36 MP: 4/4
  1560 | D:3      | Noticed Grinder
  1577 | D:3      | Killed Grinder
  1578 | D:3      | Reached skill level 3 in Axes
  1578 | D:3      | Gained mutation: You have very sharp fingernails. [demonic
                  | ancestry]
  1578 | D:3      | Reached XP level 5. HP: 6/42 MP: 5/5
  1578 | D:3      | Reached XP level 6. HP: 7/48 MP: 6/6
  1800 | D:3      | Reached skill level 4 in Axes
  2025 | D:3      | Found a bloodstained altar of Trog.
  2408 | D:4      | Reached skill level 1 in Dodging
  2425 | D:4      | Found a sacrificial altar of Ru.
  2794 | D:4      | Found a basalt altar of Yredelemnul.
  2797 | D:4      | Found an opulent altar of Gozag.
  2838 | D:4      | Noticed Menkaure
  2846 | D:4      | Killed Menkaure
  2847 | D:4      | Reached skill level 5 in Axes
  2847 | D:4      | Gained mutation: You have claws for hands. [demonic
                  | ancestry]
  2847 | D:4      | Reached XP level 7. HP: 18/55 MP: 7/7
  2973 | D:4      | Found a shadowy altar of Dithmenos.
  3194 | D:4      | Noticed Dowan
  3194 | D:4      | Noticed Duvessa
  3201 | D:4      | Killed Dowan
  3210 | D:4      | Killed Duvessa
  3364 | D:5      | Entered Level 5 of the Dungeon
  3595 | D:5      | Slain by a gnoll

Illustrated notes

Levels and vault maps discovered:
D:1:      dpeg_arrival_rooms_a, layout_basic, minmay_strange_pillars,
          minmay_pentomino_s4
D:2:      layout_basic, serial_glass, glass_columns_a, glass_columns_a,
          due_unseen_surprise, feat_on_display, reono_crystal_passage,
          minmay_misc_feat_doors
D:3:      layout_loops_ring, dreamdust_divine_triumvirate,
          nicolae_overflow_hidden_temple, uniq_grinder
D:4:      layout_gridville, nicolae_dithmenos_through_a_glass_darkly,
          nicolae_ru_sacrificial_ziggurat, minitemple, minmay_checkerbox,
          uniq_menkaure, uniq_duvessa
D:5:      layout_gridville

Skill      XL: |  1  2  3  4  5  6 |
---------------+-------------------+-----
Axes           | 2 3 5 |  5.7
Armour         | 3 4 |  4.7
Shields        | 3 |  3.8
Fighting       | 4 |  4.7
Dodging        | 1 |  1.5
Stealth        | |  0.5

Action                     |  1- 3 |  4- 6 |  7- 9 || total
---------------------------+-------+-------+-------++-------
  Melee: War axe           |   102 |   106 |    51 ||   259
    Use: Scroll            |       |       |     9 ||     9
         Potion            |       |       |     1 ||     1
 Armour: Scale mail        |    75 |    54 |    24 ||   153
  Dodge: Dodged            |    50 |    49 |    25 ||   124
  Block: Buckler           |    32 |    26 |    15 ||    73

Table legend: (Time is in decaauts)
 A = Elapsed time spent in this place.
 B = Non-inter-level travel time spent in this place.
 C = Inter-level travel time spent in this place.
 D = Time resting spent in this place.
 E = Time spent auto-exploring this place.
 F = Levels seen in this place.
 G = Mean time per level.
                   A        B        C        D        E       F      G
               +--------+--------+--------+--------+--------+-----+--------+
         Total |   3685 |   3614 |     71 |    149 |   2762 |   5 |  737.0 |
       Dungeon |   3685 |   3614 |     71 |    149 |   2762 |   5 |  737.0 |
               +--------+--------+--------+--------+--------+-----+--------+

Top non-repeatable levels by time:
     D:3: 1044 daAuts
     D:4: 955 daAuts
     D:1: 738 daAuts
     D:2: 709 daAuts
     D:5: 238 daAuts
